 Dungeon Sprint DCSS version 0.28-a0-401-ge240ad9e29 (webtiles) character file.

Game seed: 4514307961799423314

2072 Zeld the Fighter (level 9, -2/95 HPs)
             Began as a Minotaur Berserker on Sept 5, 2021.
             Was a High Priest of Trog.
             Incinerated by a deep elf pyromancer (5 damage)
             ... with a sticky flame
             ... in the Dungeon (Sprint IX: "|||||||||||||||||||||||||||||").
             The game lasted 00:01:50 (635 turns).

Zeld the Fighter (Minotaur Berserker)                Turns: 635, Time: 00:01:50

Health: -2/95      AC: 19    Str: 24    XL:     9   Next: 5%
Magic:  8/8        EV: 10    Int:  7    God:    Trog [*****.]
Gold:   0          SH:  0    Dex: 11    Spells: 8/8 levels left

rFire   . . .      SeeInvis .   a - +3 war axe (venom)
rCold   . . .      Faith    .   (no shield)
rNeg    . . .      Spirit   .   m - +0 plate armour
rPois   .          Reflect  .   (helmet restricted)
rElec   .          Harm     .   l - +0 cloak
rCorr   .          Rampage  .   k - +0 pair of gloves
Will    .....      NoTele   +   (no boots)
Stlth   ..........              (no amulet)
HPRegen 0.25/turn               n - +2 ring of protection
MPRegen 0.11/turn               o - +3 ring of intelligence

@: on fire, glowing
A: horns 2, retaliatory headbutt
a: Renounce Religion, Berserk, Trog's Hand, Brothers in Arms


You were in the Dungeon.
You worshipped Trog.
Trog was extremely pleased with you.
You visited 1 branch

Inventory:

Hand Weapons
 a - a +3 war axe of venom (weapon)
Armour
 k - a +0 pair of gloves (worn)
 l - a +0 cloak (worn)
 m - a +0 plate armour (worn)
Jewellery
 n - a +2 ring of protection (left hand)
 o - a +3 ring of intelligence (right hand)
Wands
 j - a wand of acid (7)
Potions
 c - 5 potions of curing
 e - a potion of haste
 f - 4 potions of magic
 g - a potion of berserk rage
 i - a potion of invisibility


   Skills:
 * Level 14.0 Fighting
 * Level 14.0 Axes
 + Level 10.2 Armour
 + Level 9.4 Dodging


You had 8 spell levels left.
You didn't know any spells.
Your spell library was empty.

Dungeon Overview and Level Annotations

Branches:
Dungeon (1/1)

Altars:
Cheibriados
Dithmenos
Elyvilon
Fedhas
Gozag
Hepliaklqana
Kikubaaqudgha
Makhleb
Nemelex Xobeh
Okawaru
Qazlal
Ru
Sif Muna
Trog
Uskayaw
Vehumet
Wu Jian
Xom
Yredelemnul
Zin
The Shining One
Beogh
Jiyva
Lugonu


Innate Abilities, Weirdness & Mutations

You have a pair of horns on your head.
You reflexively headbutt those who attack you in melee.


Message History

* * * LOW HITPOINT WARNING * * *
The fire elemental hits you.
* * * LOW HITPOINT WARNING * * *
The fire elemental burns you!
* * * LOW HITPOINT WARNING * * *
Blink to where?
Press: ? - help, Dir - move target, p - deep elf pyromancer
As you read the scroll of blinking, it crumbles to dust.
You close the door.
You start resting.
You feel yourself speed up.
You start resting.
You recover from your berserk rage.
You start resting.
A deep elf pyromancer opens the door.
It is wielding a +0 long sword.
A deep elf pyromancer is nearby!
Aiming: Corrosive Bolt
Press: ? - help, Shift-Dir - straight line The bolt of acid hits the deep elf pyromancer.
The acid corrodes the deep elf pyromancer!
The deep elf pyromancer is heavily wounded.
The deep elf pyromancer casts a spell at you.
The sticky flame hits you but does no damage.
You are covered in liquid flames!
Aiming: Corrosive Bolt
Press: ? - help, Shift-Dir - straight line The bolt of acid hits the deep elf pyromancer!!
The deep elf pyromancer seems to be corroded for longer.
The deep elf pyromancer is almost dead.
You are covered in liquid flames!
* * * LOW HITPOINT WARNING * * *
Aiming: Corrosive Bolt
Press: ? - help, Shift-Dir - straight line The bolt of acid hits the deep elf pyromancer!
You kill the deep elf pyromancer!
Trog accepts your kill.
Trog appreciates your killing of a magic user.
Trog will now gift you melee weapons as you gain piety.
You are covered in liquid flames!
You die...

▓°▓
▓.▓
▓.▓
▓.▓
▓°▓
▓.▓
▓)▓
▓)▓
▓@▓
▓)▓
▓.▓
▓.▓
▓.▓
▓.▓
▓(▓
▓.▓
▓E▓


There were no monsters in sight!

Vanquished Creatures
  A deep elf pyromancer (D)
  A cyclops (D)
  A meliai (D)
  A wraith (D)
  A yak (D)
  A vampire mosquito (D)
  An ice beast (D)
  An orc warrior (D)
  A black bear (D)
  2 centaurs (D)
  A hound (D)
  A gnoll shaman (D)
  An iguana (D)
  A dart slug (D)
  A bat (D)
  A bat zombie (D)
  An endoplasm (D)
  A goblin (D)
  A quokka (D)
  A jackal zombie (D)
21 creatures vanquished.

Vanquished Creatures (collateral kills)
  A skeletal warrior (D)
1 creature vanquished.

Grand Total: 22 creatures vanquished

Notes
Turn   | Place    | Note
-------+----------+-------------------------------------------
     0 | D        | Zeld the Minotaur Berserker began the quest for the Orb.
     0 | D        | Reached XP level 1. HP: 19/19 MP: 0/0
     7 | D        | Reached ** piety under Trog
    19 | D        | Reached XP level 2. HP: 10/28 MP: 1/1
   219 | D        | Noticed a black bear
   219 | D        | Noticed an ice beast
   222 | D        | Killed a black bear
   223 | D        | Reached XP level 3. HP: 39/39 MP: 2/2
   223 | D        | Reached XP level 4. HP: 47/47 MP: 3/3
   225 | D        | Reached *** piety under Trog
   226 | D        | Reached skill level 5 in Armour
   229 | D        | Reached skill level 5 in Dodging
   229 | D        | Reached XP level 5. HP: 53/53 MP: 4/4
   233 | D        | Killed an ice beast
   234 | D        | Reached XP level 6. HP: 64/64 MP: 5/5
   342 | D        | Found a snail-covered altar of Cheibriados.
   342 | D        | Found a shadowy altar of Dithmenos.
   342 | D        | Found a white marble altar of Elyvilon.
   342 | D        | Found a blossoming altar of Fedhas.
   342 | D        | Found an opulent altar of Gozag.
   343 | D        | Found a hazy altar of Hepliaklqana.
   344 | D        | Found a viscous altar of Jiyva.
   345 | D        | Found an ancient bone altar of Kikubaaqudgha.
   346 | D        | Found a corrupted altar of Lugonu.
   347 | D        | Found a burning altar of Makhleb.
   348 | D        | Found a sparkling altar of Nemelex Xobeh.
   349 | D        | Found an iron altar of Okawaru.
   350 | D        | Found a stormy altar of Qazlal.
   351 | D        | Found a sacrificial altar of Ru.
   352 | D        | Found a shimmering blue altar of Sif Muna.
   353 | D        | Found a bloodstained altar of Trog.
   354 | D        | Found a hide-covered altar of Uskayaw.
   355 | D        | Found a radiant altar of Vehumet.
   356 | D        | Found an ornate altar of the Wu Jian Council.
   357 | D        | Found a shimmering altar of Xom.
   358 | D        | Found a basalt altar of Yredelemnul.
   359 | D        | Found a glowing silver altar of Zin.
   360 | D        | Found a glowing golden altar of the Shining One.
   415 | D        | Noticed a yak
   415 | D        | Noticed a vampire mosquito
   415 | D        | Noticed an orc warrior
   418 | D        | Reached **** piety under Trog
   419 | D        | Reached skill level 10 in Fighting
   419 | D        | Reached skill level 10 in Axes
   425 | D        | Killed a yak
   426 | D        | Killed a vampire mosquito
   427 | D        | Reached XP level 7. HP: 74/74 MP: 6/6
   431 | D        | Reached ***** piety under Trog
   537 | D        | Noticed a cyclops
   537 | D        | Noticed a skeletal warrior
   537 | D        | Noticed a deep elf pyromancer
   537 | D        | Noticed a wraith
   537 | D        | Noticed a meliai
   539 | D        | Noticed a fire elemental
   542 | D        | Killed a cyclops
   543 | D        | Reached XP level 8. HP: 48/85 MP: 7/7
   549 | D        | HP: 1/85 [skeletal warrior (8)]
   562 | D        | Killed a skeletal warrior
   579 | D        | Reached skill level 10 in Armour
   580 | D        | Killed a meliai
   581 | D        | Reached XP level 9. HP: 91/95 MP: 8/8
   608 | D        | HP: 1/95 [fire elemental[a deep elf pyromancer] (6)]
   634 | D        | HP: 2/95 [burnt (5)]
   635 | D        | Killed a deep elf pyromancer
   635 | D        | Incinerated by a deep elf pyromancer

Illustrated notes

Levels and vault maps discovered:
D:        linesprint [early_d, line_temple, items_1, d_10, items_2, lair_1,
          lair_end, items_3, orc_1, orc_end, items_4, d_15, swamp_1, shoals_1,
          snake_1, spider_1, d_20, vaults_1, items_5, swamp_end, shoals_end,
          snake_end, spider_end, vaults_end, d_27, items_6, zot_1, zot_end,
          crypt_end, forest_end, elf_end, slime_end, tomb_end, abyss_end,
          pan_hell_end]

Skill      XL: |  1  2  3  4  5  6  7  8 |
---------------+-------------------------+-----
Axes           | 4 7 8 9 11 12 14 | 14.0
Fighting       | 4 7 8 9 11 12 14 | 14.0
Armour         | 3 4 5 6 8 9 10 | 10.2
Dodging        | 4 5 7 8 9 |  9.4

Action                   |  1- 3 |  4- 6 |  7- 9 || total
-------------------------+-------+-------+-------++-------
Melee: Hand axe          |    12 |     9 |       ||    21
       Headbutt          |     3 |     3 |     7 ||    13
       War axe           |       |     9 |    27 ||    36
Invok: Berserk           |     1 |     1 |     1 ||     3
       Brothers in Arms  |       |       |     2 ||     2
Evoke: Wand              |       |       |     3 ||     3
  Use: Potion            |       |       |     3 ||     3
       Scroll            |       |       |     2 ||     2
Armor: Animal skin       |     5 |       |       ||     5
       Plate armour      |       |     2 |    13 ||    15
Dodge: Dodged            |     8 |     7 |    12 ||    27

Table legend: (Time is in decaauts)
 A = Elapsed time spent in this place.
 B = Non-inter-level travel time spent in this place.
 C = Inter-level travel time spent in this place.
 D = Time resting spent in this place.
 E = Time spent auto-exploring this place.
 F = Levels seen in this place.
 G = Mean time per level.
                   A        B        C        D        E       F      G
               +--------+--------+--------+--------+--------+-----+--------+
         Total |    663 |    663 |      0 |    448 |      0 |   1 |  663.0 |
       Dungeon |    663 |    663 |      0 |    448 |      0 |   1 |  663.0 |
               +--------+--------+--------+--------+--------+-----+--------+

Top non-repeatable levels by time:
       D: 663 daAuts
